team 1 (loser)
4k.Thor (
blue | 151 APM | 7687 actions | 51:01)
3 Pandaren Brewmaster
2 Breath of Fire
1 Drunken Haze
2 Paladin
1 Holy Light
1 Divine Shield
1 Death Knight
1 Death Coil
» actions
| Assign group hotkey | 184 | |
| Basic commands | 473 | |
| Build / train | 170 | |
| ESC pressed | 12 | |
| Enter build submenu | 44 | |
| Enter hero's abilities submenu | 6 | |
| Give item / drop item | 1 | |
| Remove unit from queue | 6 | |
| Right click | 2321 | |
| Select / deselect | 1803 | |
| Select group hotkey | 2485 | |
| Use ability | 182 | |
7687 total
» units
| Peasant | 45 | |
| Siege Engine | 4 | |
| Mortar Team | 17 | |
| Flying Machine | 1 | |
| Shaman | 5 | |
| Kodo Beast | 2 | |
74 total
» upgrades
| Lumber Harvesting | 2 | |
| Masonry | 1 | |
| Gunpowder | 3 | |
| Barrage | 1 | |
| Flare | 1 | |
| Fragmentation Shards | 1 | |
| Plating | 3 | |
| War Drums Damage Increase | 1 | |
13 total
» buildings
| Lumber Mill | 1 | |
| Farm | 11 | |
| Altar of Kings | 1 | |
| Scout Tower | 13 | |
| Arcane Tower | 5 | |
| Keep | 2 | |
| Guard Tower | 23 | |
| Blacksmith | 1 | |
| Castle | 4 | |
| Arcane Vault | 1 | |
| Workshop | 3 | |
| Town Hall | 1 | |
66 total
» build order
00:34 Lumber Mill
01:04 Farm
01:47 Altar of Kings
02:35 Farm
04:44 Scout Tower
05:12 Scout Tower
05:23 Scout Tower
06:08 Arcane Tower
06:09 Arcane Tower
06:09 Arcane Tower
12:30 Keep
12:30 Keep
14:50 Scout Tower
14:51 Scout Tower
14:52 Scout Tower
14:52 Scout Tower
14:53 Scout Tower
15:18 Guard Tower
15:18 Guard Tower
15:19 Guard Tower
15:22 Guard Tower
15:22 Guard Tower
15:22 Guard Tower
15:23 Guard Tower
15:23 Guard Tower
15:23 Guard Tower
16:03 Guard Tower
16:04 Guard Tower
16:16 Guard Tower
16:17 Guard Tower
16:17 Guard Tower
16:17 Guard Tower
17:42 Blacksmith
17:44 Castle
17:44 Castle
17:45 Castle
17:59 Arcane Vault
18:55 Workshop
18:56 Workshop
18:58 Workshop
21:53 Town Hall
22:08 Farm
22:09 Farm
22:39 Farm
22:40 Farm
23:07 Farm
24:39 Farm
24:39 Farm
24:40 Farm
25:21 Farm
28:04 Scout Tower
28:05 Scout Tower
28:06 Scout Tower
28:20 Scout Tower
28:21 Scout Tower
29:17 Guard Tower
29:17 Guard Tower
29:18 Guard Tower
29:18 Guard Tower
29:18 Guard Tower
» items
| Scroll of Speed | 1 | |
| Lesser Clarity Potion | 5 | |
| Potion of Healing | 4 | |
| Potion of Mana | 1 | |
11 total
Kostyan (
pink | 96 APM | 4706 actions | 49:15)
6 Pandaren Brewmaster
3 Breath of Fire
2 Drunken Haze
1 Storm Earth and Fire
5 Pit Lord
3 Rain of Fire
2 Cleaving Attack
2 Death Knight
1 Death Coil
1 Unholy Aura
» actions
| Assign group hotkey | 213 | |
| Basic commands | 245 | |
| Build / train | 103 | |
| Enter build submenu | 23 | |
| Enter hero's abilities submenu | 13 | |
| Give item / drop item | 7 | |
| Remove unit from queue | 1 | |
| Right click | 1610 | |
| Select / deselect | 550 | |
| Select group hotkey | 1830 | |
| Use ability | 111 | |
4706 total
» units
| Acolyte | 23 | |
| Ghoul | 8 | |
| Gargoyle | 13 | |
| Frost Wyrm | 15 | |
| Obsidian Statue | 2 | |
61 total
» upgrades
| Creature Attack | 3 | |
| Stone Form | 1 | |
| Creature Carapace | 3 | |
| Ghoul Frenzy | 1 | |
| Freezing Breath | 1 | |
| Unholy Armor | 0 | |
9 total
» buildings
| Graveyard | 1 | |
| Crypt | 4 | |
| Ziggurat | 9 | |
| Halls of the Dead | 1 | |
| Altar of Darkness | 1 | |
| Black Citadel | 1 | |
| Sacrificial Pit | 1 | |
| Tomb of Relics | 1 | |
| Boneyard | 2 | |
| Necropolis | 1 | |
| Slaughterhouse | 1 | |
| Temple of the Damned | 1 | |
24 total
» build order
00:07 Graveyard
00:14 Crypt
00:24 Ziggurat
00:35 Halls of the Dead
00:41 Altar of Darkness
01:05 Crypt
01:22 Crypt
01:45 Crypt
02:02 Ziggurat
02:28 Ziggurat
02:32 Ziggurat
03:10 Ziggurat
03:41 Black Citadel
04:28 Sacrificial Pit
04:41 Tomb of Relics
05:45 Ziggurat
05:46 Ziggurat
06:22 Boneyard
06:34 Boneyard
07:09 Ziggurat
07:39 Ziggurat
11:13 Necropolis
34:05 Slaughterhouse
34:36 Temple of the Damned
» items
| Healing Salve | 2 | |
| Lesser Clarity Potion | 1 | |
| Potion of Healing | 4 | |
| Scroll of Town Portal | 3 | |
| Orb of Corruption | 1 | |
| Scroll of Healing | 1 | |
| Healing Wards | 1 | |
13 total
MARDUK_ (
teal | 81 APM | 3979 actions | 49:19)
6 Pandaren Brewmaster
3 Breath of Fire
2 Drunken Haze
1 Storm Earth and Fire
» actions
| Assign group hotkey | 19 | |
| Basic commands | 108 | |
| Build / train | 95 | |
| ESC pressed | 10 | |
| Enter build submenu | 64 | |
| Enter hero's abilities submenu | 6 | |
| Give item / drop item | 4 | |
| Remove unit from queue | 1 | |
| Right click | 1387 | |
| Select / deselect | 541 | |
| Select group hotkey | 1500 | |
| Use ability | 243 | |
3979 total
» units
» upgrades
| Ranged Weapons | 3 | |
| Armor | 3 | |
| Liquid Fire | 1 | |
| Reinforced Defenses | 1 | |
| Envenomed Spears | 1 | |
| Spiked Barricades | 3 | |
| Melee Weapons | 3 | |
| Shaman Training | 2 | |
| Witch Doctor Training | 2 | |
| Spirit Walker Training | 2 | |
21 total
» buildings
| Orc Burrow | 4 | |
| Altar of Storms | 1 | |
| Voodoo Lounge | 3 | |
| War Mill | 3 | |
| Watch Tower | 44 | |
| Great Hall | 2 | |
| Stronghold | 2 | |
| Beastiary | 3 | |
| Fortress | 2 | |
| Spirit Lodge | 3 | |
67 total
» build order
00:48 Orc Burrow
01:10 Altar of Storms
02:27 Voodoo Lounge
04:44 Orc Burrow
05:46 War Mill
07:52 Watch Tower
08:19 Voodoo Lounge
09:27 Watch Tower
10:52 Great Hall
12:46 Watch Tower
13:54 Stronghold
14:39 Watch Tower
14:39 Watch Tower
14:40 Watch Tower
15:23 Watch Tower
15:23 Watch Tower
15:25 Watch Tower
15:26 Watch Tower
16:18 Orc Burrow
16:28 War Mill
16:32 Watch Tower
16:33 Watch Tower
16:33 Watch Tower
16:41 Watch Tower
16:42 Watch Tower
16:45 Watch Tower
16:46 Watch Tower
16:58 Watch Tower
17:46 Beastiary
17:47 Beastiary
17:59 Beastiary
18:02 Fortress
18:02 Fortress
18:17 Orc Burrow
18:20 Voodoo Lounge
25:43 Spirit Lodge
25:45 Spirit Lodge
25:49 Spirit Lodge
26:16 War Mill
35:36 Watch Tower
35:37 Watch Tower
35:38 Watch Tower
35:38 Watch Tower
40:06 Watch Tower
40:08 Watch Tower
40:10 Watch Tower
40:12 Watch Tower
40:12 Watch Tower
40:15 Great Hall
40:16 Watch Tower
40:17 Watch Tower
40:18 Watch Tower
41:13 Watch Tower
41:20 Watch Tower
41:21 Watch Tower
41:22 Watch Tower
41:43 Watch Tower
41:44 Watch Tower
41:45 Watch Tower
41:45 Watch Tower
41:48 Watch Tower
41:49 Watch Tower
41:49 Watch Tower
41:50 Watch Tower
42:21 Watch Tower
43:11 Watch Tower
» items
| Lesser Clarity Potion | 6 | |
| Healing Salve | 5 | |
| Scroll of Town Portal | 3 | |
| Orb of Lightning | 1 | |
| Potion of Mana | 1 | |
| Potion of Healing | 3 | |
19 total
team 2 (winner)
backintheUSSR (
red | 119 APM | 6094 actions | 51:02)
6 Warden
3 Shadow Strike
3 Blink
5 Pandaren Brewmaster
3 Breath of Fire
1 Drunken Haze
1 Drunken Brawler
» actions
| Assign group hotkey | 25 | |
| Basic commands | 127 | |
| Build / train | 84 | |
| ESC pressed | 4 | |
| Enter build submenu | 20 | |
| Enter hero's abilities submenu | 12 | |
| Give item / drop item | 3 | |
| Right click | 3313 | |
| Select / deselect | 290 | |
| Select group hotkey | 1792 | |
| Use ability | 424 | |
6094 total
» units
| Wisp | 26 | |
| Hippogryph | 20 | |
| Druid of the Talon | 1 | |
47 total
» upgrades
| Ultravision | 1 | |
| Strength of the Wild | 3 | |
| Well Spring | 1 | |
| Reinforced Hides | 3 | |
| Nature's Blessing | 1 | |
| Druid of the Talon Training | 1 | |
10 total
» buildings
| Altar of Elders | 1 | |
| Moon Well | 11 | |
| Tree of Ages | 1 | |
| Hunter's Hall | 1 | |
| Tree of Eternity | 1 | |
| Ancient of Wind | 2 | |
| Ancient of Wonders | 3 | |
| Tree of Life | 2 | |
22 total
» build order
00:08 Altar of Elders
00:10 Moon Well
01:47 Moon Well
04:22 Tree of Ages
05:03 Hunter's Hall
05:41 Moon Well
05:42 Moon Well
06:46 Tree of Eternity
07:26 Ancient of Wind
08:01 Ancient of Wonders
09:00 Ancient of Wonders
09:29 Ancient of Wonders
09:51 Moon Well
10:12 Ancient of Wind
18:16 Tree of Life
29:44 Tree of Life
30:27 Moon Well
30:28 Moon Well
33:59 Moon Well
34:02 Moon Well
36:36 Moon Well
36:37 Moon Well
» items
| Orb of Venom | 2 | |
| Scroll of Town Portal | 2 | |
| Staff of Preservation | 3 | |
| Potion of Healing | 1 | |
8 total
Birdeneering (
purple | 133 APM | 6797 actions | 51:02)
5 Mountain King
3 Storm Bolt
2 Bash
4 Paladin
2 Holy Light
2 Divine Shield
» actions
| Assign group hotkey | 706 | |
| Basic commands | 24 | |
| Build / train | 249 | |
| Enter build submenu | 188 | |
| Enter hero's abilities submenu | 10 | |
| Give item / drop item | 3 | |
| Remove unit from queue | 5 | |
| Right click | 3166 | |
| Select / deselect | 661 | |
| Select group hotkey | 1374 | |
| Use ability | 411 | |
6797 total
» units
| Peasant | 47 | |
| Dragonhawk Rider | 21 | |
68 total
» upgrades
| Masonry | 3 | |
| Lumber Harvesting | 2 | |
| Animal War Training | 1 | |
| Swords | 3 | |
| Armor | 4 | |
| Magic Sentry | 1 | |
| Cloud | 1 | |
15 total
» buildings
| Altar of Kings | 1 | |
| Farm | 5 | |
| Lumber Mill | 1 | |
| Scout Tower | 230 | |
| Arcane Tower | 3 | |
| Guard Tower | 124 | |
| Keep | 1 | |
| Arcane Vault | 2 | |
| Town Hall | 7 | |
| Castle | 1 | |
| Gryphon Aviary | 1 | |
| Barracks | 1 | |
| Blacksmith | 1 | |
| Arcane Sanctum | 1 | |
379 total
» build order
00:04 Altar of Kings
00:19 Farm
00:34 Lumber Mill
00:42 Farm
01:19 Scout Tower
02:00 Scout Tower
02:00 Arcane Tower
02:04 Scout Tower
02:29 Scout Tower
02:29 Guard Tower
02:31 Arcane Tower
02:32 Scout Tower
02:32 Scout Tower
03:01 Scout Tower
03:02 Guard Tower
03:04 Scout Tower
03:04 Guard Tower
03:18 Scout Tower
03:32 Guard Tower
03:34 Scout Tower
04:00 Arcane Tower
04:01 Scout Tower
04:03 Scout Tower
04:05 Scout Tower
04:05 Guard Tower
04:27 Scout Tower
04:27 Guard Tower
04:35 Keep
04:37 Scout Tower
04:37 Guard Tower
04:53 Scout Tower
04:54 Scout Tower
04:55 Guard Tower
04:56 Scout Tower
05:16 Scout Tower
05:17 Guard Tower
05:24 Guard Tower
05:25 Guard Tower
05:44 Scout Tower
05:46 Guard Tower
05:47 Scout Tower
05:48 Scout Tower
05:51 Scout Tower
05:52 Scout Tower
05:58 Scout Tower
05:59 Scout Tower
06:09 Scout Tower
06:11 Scout Tower
06:12 Guard Tower
06:32 Arcane Vault
06:34 Guard Tower
06:35 Scout Tower
07:13 Guard Tower
07:15 Scout Tower
07:18 Guard Tower
07:21 Scout Tower
07:24 Town Hall
07:29 Scout Tower
07:30 Scout Tower
07:30 Scout Tower
07:31 Scout Tower
07:31 Scout Tower
07:31 Scout Tower
07:34 Scout Tower
07:34 Scout Tower
07:35 Scout Tower
07:35 Scout Tower
07:36 Scout Tower
07:36 Scout Tower
07:42 Farm
07:50 Guard Tower
08:10 Guard Tower
08:10 Guard Tower
08:22 Scout Tower
08:25 Guard Tower
08:30 Guard Tower
08:36 Scout Tower
08:37 Scout Tower
08:37 Scout Tower
08:40 Guard Tower
08:54 Guard Tower
09:13 Guard Tower
09:17 Scout Tower
09:17 Scout Tower
09:38 Scout Tower
09:39 Scout Tower
09:42 Guard Tower
10:08 Guard Tower
10:52 Castle
10:58 Scout Tower
10:59 Scout Tower
11:07 Gryphon Aviary
11:09 Scout Tower
11:10 Scout Tower
11:15 Barracks
11:17 Blacksmith
11:19 Scout Tower
11:20 Scout Tower
11:23 Scout Tower
11:37 Scout Tower
11:37 Scout Tower
11:41 Guard Tower
11:45 Guard Tower
12:02 Guard Tower
12:06 Scout Tower
12:07 Scout Tower
12:11 Scout Tower
12:13 Guard Tower
12:16 Scout Tower
12:16 Scout Tower
12:22 Guard Tower
12:38 Scout Tower
12:54 Guard Tower
12:55 Guard Tower
13:00 Guard Tower
13:01 Scout Tower
13:02 Scout Tower
13:12 Guard Tower
13:30 Scout Tower
13:31 Scout Tower
13:36 Guard Tower
13:58 Town Hall
14:05 Scout Tower
14:06 Scout Tower
14:10 Guard Tower
14:12 Scout Tower
14:13 Scout Tower
14:18 Scout Tower
14:18 Scout Tower
14:19 Scout Tower
14:44 Farm
14:46 Guard Tower
14:55 Scout Tower
14:56 Scout Tower
15:06 Scout Tower
15:08 Scout Tower
15:09 Scout Tower
15:24 Guard Tower
15:25 Scout Tower
15:26 Scout Tower
15:40 Guard Tower
15:42 Scout Tower
15:43 Scout Tower
15:44 Scout Tower
17:46 Guard Tower
17:47 Scout Tower
17:48 Scout Tower
17:49 Scout Tower
17:58 Guard Tower
18:00 Guard Tower
18:01 Guard Tower
18:03 Guard Tower
18:05 Scout Tower
18:06 Scout Tower
18:09 Scout Tower
18:10 Scout Tower
18:25 Arcane Sanctum
18:41 Guard Tower
19:00 Town Hall
19:01 Scout Tower
19:02 Scout Tower
19:02 Scout Tower
19:03 Scout Tower
19:04 Scout Tower
19:04 Scout Tower
19:06 Scout Tower
19:07 Scout Tower
19:08 Scout Tower
19:08 Scout Tower
19:11 Scout Tower
19:11 Scout Tower
19:12 Scout Tower
19:13 Scout Tower
19:14 Scout Tower
19:15 Scout Tower
19:16 Guard Tower
19:19 Scout Tower
19:37 Guard Tower
19:38 Guard Tower
19:43 Scout Tower
19:44 Scout Tower
19:48 Scout Tower
19:49 Scout Tower
19:50 Guard Tower
19:58 Guard Tower
19:58 Guard Tower
19:58 Guard Tower
20:17 Guard Tower
20:21 Guard Tower
20:24 Guard Tower
20:25 Scout Tower
20:28 Guard Tower
20:37 Guard Tower
20:39 Guard Tower
20:58 Scout Tower
21:00 Scout Tower
21:00 Scout Tower
21:01 Guard Tower
21:02 Guard Tower
21:05 Scout Tower
21:06 Guard Tower
21:09 Scout Tower
21:10 Guard Tower
21:13 Guard Tower
21:16 Scout Tower
21:17 Scout Tower
21:19 Scout Tower
21:20 Scout Tower
21:26 Guard Tower
21:27 Scout Tower
21:37 Guard Tower
21:38 Scout Tower
21:39 Scout Tower
21:41 Guard Tower
21:44 Scout Tower
21:45 Scout Tower
21:46 Scout Tower
21:46 Scout Tower
21:47 Guard Tower
21:54 Guard Tower
21:56 Scout Tower
21:57 Scout Tower
21:57 Scout Tower
22:05 Scout Tower
22:06 Scout Tower
22:11 Guard Tower
22:16 Guard Tower
22:19 Scout Tower
22:20 Scout Tower
22:21 Guard Tower
22:23 Guard Tower
22:30 Guard Tower
22:35 Scout Tower
22:37 Guard Tower
22:37 Guard Tower
23:05 Guard Tower
23:12 Guard Tower
23:54 Scout Tower
23:55 Scout Tower
24:04 Guard Tower
24:05 Scout Tower
24:06 Scout Tower
24:07 Scout Tower
24:16 Guard Tower
24:23 Scout Tower
24:24 Scout Tower
24:25 Scout Tower
24:25 Scout Tower
24:26 Scout Tower
24:41 Scout Tower
24:42 Scout Tower
24:43 Scout Tower
24:43 Scout Tower
25:06 Arcane Vault
25:06 Guard Tower
25:09 Guard Tower
25:23 Guard Tower
25:26 Scout Tower
25:27 Scout Tower
25:28 Scout Tower
25:33 Scout Tower
25:34 Scout Tower
25:35 Scout Tower
25:35 Scout Tower
25:36 Scout Tower
25:40 Scout Tower
25:40 Scout Tower
26:00 Guard Tower
26:06 Guard Tower
26:43 Guard Tower
26:50 Guard Tower
26:51 Scout Tower
26:52 Scout Tower
26:57 Town Hall
27:24 Guard Tower
27:33 Guard Tower
27:44 Scout Tower
27:45 Scout Tower
28:11 Guard Tower
28:27 Guard Tower
28:30 Scout Tower
28:34 Guard Tower
29:07 Guard Tower
29:09 Scout Tower
29:09 Scout Tower
29:57 Guard Tower
29:58 Scout Tower
29:59 Scout Tower
30:06 Scout Tower
30:07 Scout Tower
30:12 Guard Tower
30:15 Scout Tower
30:27 Guard Tower
31:15 Guard Tower
31:47 Guard Tower
34:06 Scout Tower
34:07 Scout Tower
34:07 Scout Tower
34:08 Scout Tower
34:09 Scout Tower
34:10 Scout Tower
34:10 Scout Tower
34:11 Scout Tower
35:07 Guard Tower
35:40 Guard Tower
35:41 Scout Tower
35:45 Guard Tower
36:36 Scout Tower
36:36 Scout Tower
36:42 Guard Tower
36:45 Scout Tower
36:46 Scout Tower
36:46 Scout Tower
36:48 Scout Tower
37:15 Guard Tower
37:16 Guard Tower
37:36 Guard Tower
39:06 Guard Tower
39:09 Scout Tower
39:11 Scout Tower
39:11 Scout Tower
39:38 Guard Tower
39:45 Guard Tower
39:48 Scout Tower
39:50 Scout Tower
39:54 Scout Tower
39:56 Scout Tower
40:19 Guard Tower
41:37 Guard Tower
45:31 Farm
46:33 Town Hall
46:35 Scout Tower
46:36 Scout Tower
46:36 Scout Tower
46:37 Scout Tower
46:39 Town Hall
47:12 Town Hall
47:12 Guard Tower
47:15 Scout Tower
47:16 Scout Tower
47:17 Scout Tower
47:18 Scout Tower
47:20 Scout Tower
47:21 Scout Tower
47:21 Scout Tower
47:22 Scout Tower
47:25 Scout Tower
47:25 Scout Tower
47:26 Scout Tower
47:27 Scout Tower
47:29 Scout Tower
47:30 Scout Tower
47:31 Scout Tower
47:31 Scout Tower
47:37 Guard Tower
47:48 Guard Tower
47:52 Scout Tower
47:53 Scout Tower
48:13 Guard Tower
48:32 Guard Tower
48:36 Guard Tower
48:52 Guard Tower
49:01 Guard Tower
49:15 Scout Tower
49:16 Scout Tower
49:31 Scout Tower
49:32 Scout Tower
49:33 Guard Tower
50:04 Guard Tower
50:08 Scout Tower
50:09 Scout Tower
50:12 Scout Tower
50:13 Scout Tower
50:23 Scout Tower
50:28 Guard Tower
50:43 Guard Tower
» items
| Scroll of Town Portal | 10 | |
| Scroll of Regeneration | 3 | |
| Health Stone | 1 | |
| Staff of Sanctuary | 2 | |
| Kelen's Dagger of Escape | 3 | |
| Orb of Venom | 2 | |
21 total
fabrik (
orange | 107 APM | 5467 actions | 51:02)
6 Archmage
3 Summon Water Elemental
2 Brilliance Aura
1 Mass Teleport
» actions
| Assign group hotkey | 684 | |
| Basic commands | 50 | |
| Build / train | 42 | |
| Enter build submenu | 9 | |
| Enter hero's abilities submenu | 6 | |
| Give item / drop item | 3 | |
| Right click | 3327 | |
| Select / deselect | 880 | |
| Select group hotkey | 246 | |
| Use ability | 218 | |
5467 total
» units
| Peasant | 16 | |
| Rifleman | 6 | |
| Footman | 3 | |
25 total
» upgrades
» buildings
| Altar of Kings | 1 | |
| Farm | 3 | |
| Blacksmith | 1 | |
| Barracks | 2 | |
7 total
» build order
00:08 Altar of Kings
00:31 Farm
01:04 Blacksmith
01:09 Barracks
01:30 Farm
02:15 Barracks
02:32 Farm
» items
| Scroll of Town Portal | 2 | |
| Staff of Sanctuary | 1 | |
| Scroll of Regeneration | 1 | |
| Orb of Venom | 1 | |
5 total